 Dungeon Crawl Stone Soup version 0.28-a0-1524-ge72afd5fc6 (webtiles) character file.

Game seed: 17710535057789147479

32 psuckher the Sneak (level 3, -6/30 HPs)
             Began as a Barachi Delver on Jan 17, 2022.
             Was an Initiate of Ru.
             Mangled by an ice beast (9 damage)
             ... on level 5 of the Dungeon.
             The game lasted 00:02:46 (353 turns).

psuckher the Sneak (Barachi Delver)                  Turns: 353, Time: 00:02:47

Health: -6/30      AC:  3    Str: 15    XL:     3   Next: 25%
Magic:  3/3        EV: 12    Int: 10    God:    Ru [......]
Gold:   11         SH:  0    Dex: 13    Spells: 2/2 levels left

rFire   . . .      SeeInvis .   a - +0 falchion
rCold   . . .      Faith    .   (no shield)
rNeg    . . .      Spirit   .   b - +0 leather armour
rPois   .          Reflect  .   (no helmet)
rElec   .          Harm     .   (no cloak)
rCorr   .          Rampage  .   (no gloves)
Will    .....                   (no boots)
Stlth   +++.......              (no amulet)
HPRegen 0.10/turn               (no ring)
MPRegen 0.08/turn               (no ring)

@: unable to hop, slow
A: amphibious, slowness 1, strong legs 1, +LOS
a: Hop, Renounce Religion


You were on level 5 of the Dungeon.
You worshipped Ru.
Ru was noncommittal.
You visited 1 branch of the dungeon, and saw 1 of its levels.

You collected 11 gold pieces.

Inventory:

Hand Weapons
 a - a +0 falchion (weapon)
Armour
 b - a +0 leather armour (worn)
Wands
 g - a wand of digging (3)
Scrolls
 c - a scroll of fog
 d - a scroll of magic mapping
Potions
 f - a potion of haste


   Skills:
 + Level 3.9 Fighting
 + Level 2.8 Long Blades
 + Level 0.6 Armour
 + Level 2.3 Dodging
 + Level 5.0 Stealth


You had 2 spell levels left.
You didn't know any spells.
Your spell library was empty.

Dungeon Overview and Level Annotations

Branches:
Dungeon (5/15)
 Temple: D:4-7

Altars:
Ru


Innate Abilities, Weirdness & Mutations

You are amphibious.
You cover ground slowly.
You can hop short distances.
You have an extended range of vision and can be seen from far away.


Message History

Found a helmet.
Things that are here:
a +0 dagger; 5 poisoned darts
Found 10 gold pieces.
An ice beast comes into view.
The kobold closely misses you. The kobold hits you with a +0 whip.
You closely miss the kobold. The kobold misses you.
You closely miss the kobold. The kobold hits you with a +0 whip.
You hit the kobold.
You kill the kobold!
You see here a +0 whip.
Unknown command.
Aiming: Dig
Press: ? - help, Shift-Dir - straight line You can't see that place. [a rock wall.]
Okay, then.
You see here a +0 whip.
You hit the ice beast but do no damage.
You punch the ice beast, but do no damage.
The ice beast closely misses you.
You hit the ice beast.
The ice beast is lightly wounded.
The ice beast misses you.
You barely miss the ice beast.
You punch the ice beast, but do no damage.
The ice beast is lightly wounded.
The ice beast hits you but does no damage.
The ice beast closely misses you.
You barely miss the ice beast.
The ice beast is lightly wounded.
The ice beast hits you. The ice beast freezes you!
* * * LOW HITPOINT WARNING * * *
You hit the ice beast.
The ice beast is moderately wounded.
The ice beast hits you.
* * * LOW HITPOINT WARNING * * *
The ice beast freezes you!
You die...

........
#..+#######)..#..
........
#.............###
........####.#.......####
....[.!..# #.....###
.........# ##...##
.........#####...##
...........##...##
.........#.)...##
.........Y@...###
....#.......)...# #.#
#...........# #
#......##..##
#......####.# #.......#
### ......... .......#
.......


You could see an ice beast.

Vanquished Creatures
  An orc wizard (D:5)
  A worm (D:5)
  A ball python (D:5)
  2 kobolds (D:5)
5 creatures vanquished.

Notes
Turn   | Place    | Note
-------+----------+-------------------------------------------
     0 | D:5      | psuckher the Barachi Delver began the quest for the Orb.
     0 | D:5      | Reached XP level 1. HP: 18/18 MP: 1/1
    46 | D:5      | Found a sacrificial altar of Ru.
    46 | D:5      | Noticed an orc wizard
   263 | D:5      | Killed an orc wizard
   264 | D:5      | Reached skill level 5 in Stealth
   264 | D:5      | Reached XP level 2. HP: 10/25 MP: 2/2
   264 | D:5      | Reached XP level 3. HP: 12/30 MP: 3/3
   274 | D:5      | Noticed a black bear
   275 | D:5      | Became a worshipper of Ru the Awakened
   304 | D:5      | Noticed an ice beast
   353 | D:5      | Mangled by an ice beast

Illustrated notes

Levels and vault maps discovered:
D:5:      layout_cave_pools, nicolae_ru_great_annihilating_truth,
          nzn_wu_jian_contemplation, ebering_ghost_sewer_d

Skill      XL: |  1 |
---------------+----+-----
Stealth        | 5 |  5.0
Fighting       | |  3.9
Long Blades    | |  2.8
Armour         | |  0.6
Dodging        | |  2.3

Action                   || total
-------------------------++-------
Melee: Falchion          ||    30
       Punch             ||     2
 Abil: Hop               ||     1
  Use: Scroll            ||     1
 Stab: Sleeping          ||     1
Armor: Leather armour    ||     4
Dodge: Dodged            ||    12

Table legend: (Time is in decaauts)
 A = Elapsed time spent in this place.
 B = Non-inter-level travel time spent in this place.
 C = Inter-level travel time spent in this place.
 D = Time resting spent in this place.
 E = Time spent auto-exploring this place.
 F = Levels seen in this place.
 G = Mean time per level.
                   A        B        C        D        E       F      G
               +--------+--------+--------+--------+--------+-----+--------+
         Total |    421 |    394 |     27 |      0 |      0 |   1 |  421.0 |
       Dungeon |    421 |    394 |     27 |      0 |      0 |   1 |  421.0 |
               +--------+--------+--------+--------+--------+-----+--------+

Top non-repeatable levels by time:
     D:5: 421 daAuts
